 Dungeon Crawl Stone Soup version 0.27-a0-531-gb72ec1a1b6 (webtiles) character file.

Game seed: 12840678221981852123

107 siradein the Ducker (level 5, -2/37 HPs)
             Began as a Human Transmuter on Mar 6, 2021.
             Killed from afar by an orc wizard (5 damage)
             ... with a magic dart
             ... on level 3 of the Dungeon.
             The game lasted 00:08:24 (3720 turns).

siradein the Ducker (Human Transmuter)              Turns: 3720, Time: 00:08:25

Health: -2/37      AC:  3    Str: 10    XL:     5   Next: 11%
Magic:  7/8        EV: 13    Int: 15    God:
Gold:   136        SH:  0    Dex: 13    Spells: 4/8 levels left

rFire    . . .     SeeInvis .     - Unarmed
rCold    . . .     Faith    .   (no shield)
rNeg     . . .     Spirit   .   a - +0 robe
rPois    .         Reflect  .   (helmet currently unavailable)
rElec    .         Harm     .   (no cloak)
rCorr    .         Rampage  .   h - +0 pair of gloves
Will     .....                  (boots currently unavailable)
Stlth    +.........             (no amulet)
HPRegen  0.12/turn              (no ring)
MPRegen  0.11/turn              (no ring)

@: appendages
A: horns 2, talons 2
a: End Transformation


You were on level 3 of the Dungeon.
You had grown temporary horns.
You had grown temporary talons.
You visited 1 branch of the dungeon, and saw 3 of its levels.

You collected 136 gold pieces.

Inventory:

Armour
 a - a +0 robe (worn)
 h - a +0 pair of gloves (worn)
Scrolls
 b - 2 scrolls of amnesia {unknown}
 e - a scroll of enchant armour {unknown}
 f - 3 scrolls of identify {unknown}
 j - a scroll of enchant weapon {unknown}
Potions
 c - a potion of flight {unknown}
 d - a potion of curing {unknown}
 g - a potion of brilliance {unknown}
 i - a potion of degeneration {unknown}
 k - a potion of attraction {unknown}


   Skills:
 - Level 1.0 Fighting
 * Level 4.1 Dodging
 - Level 3.0 Unarmed Combat
 - Level 2.0 Spellcasting
 + Level 3.2 Transmutations


You had 4 spell levels left.
You knew the following spells:

 Your Spells              Type           Power      Damage    Failure   Level
a - Beastly Appendage     Tmut           22%        N/A       6%          1
b - Spider Form           Tmut/Pois      3%         N/A       34%         3

Your spell library contained the following spells:

 Spells                   Type           Power      Damage    Failure   Level
 Wereblood                Tmut           11%        N/A       9%          2
 Ice Form                 Ice/Tmut       6%         N/A       75%         4
 Blade Hands              Tmut           5%         N/A       86%         5


Dungeon Overview and Level Annotations

Branches:
Dungeon (3/15)

Altars:
Elyvilon

Annotations:
D:3 Sigmund


Innate Abilities, Weirdness & Mutations

You have a pair of horns on your head.
You have razor-sharp toenails.


Message History

You miss something. Something hits you.
You barely miss something. Something barely misses you.
You closely miss something. Your kick misses something.
Your headbutt misses something. Something hits you.
You barely miss something. You claw something.
Your horns disappear.
Your talons disappear.
Something hits you but does no damage.
You closely miss something. Something hits you but does no damage.
You hit something but do no damage.
You hear some strange, mumbled words.
A puff of flame appears from out of thin air!
The puff of flame hits you!
You closely miss something.
You hear some strange, mumbled words.
You are confused.
You're too confused to cast spells.
You're too confused to cast spells.
You closely miss something. You punch something.
Something hits you but does no damage.
You bump into the rock wall.
Something hits you but does no damage.
You completely miss something. Something hits you.
You miss something.
You bump into the rock wall.
Something hits you.
You completely miss something. Something hits you.
You bump into the rock wall.
Something hits you.
* * * LOW HITPOINT WARNING * * *
You bump into the rock wall.
You feel less confused. Something hits you but does no damage.
A magic dart appears from out of thin air!
The magic dart hits you!
* * * LOW HITPOINT WARNING * * *
Casting: Beastly Appendage (safe; 6% risk of failure)
Press: ? - help, Q - select action Dir - look around, f - activate You grow a pair of large bovine horns.
Your feet morph into talons.
You hit something. Your headbutt misses something.
You hear some strange, mumbled words.
A magic dart appears from out of thin air!
The magic dart hits you.
You die...

..##.# #.#.#.####.#
†.##.# #..###.## #
.....###.## ##.##.#
........## ##...#
#.####.#.## ##.##.# #.#
#.##.###.## .# #.#
#.###.#.## # #.# #.#
##.######.##.#. #.# #.#
#.).o{@.......
#.####.####.####.#.##.#.
#.........†.)....[...
########...........###
#...####...... #.##..
...##### #.# .####.# #.#
.# #.# #.# .# .


You could see an orc.

Vanquished Creatures
  2 adders (D:2)
  A worm (D:2)
  A dart slug (D:1)
  2 leopard geckos
  7 orcs (D:3)
  4 giant cockroaches
  7 goblins
  9 hobgoblins
  4 jackals (D:2)
  A quokka (D:2)
  7 bats
  6 frilled lizards
  10 kobolds
  10 rats
71 creatures vanquished.

Notes
Turn   | Place    | Note
-------+----------+-------------------------------------------
     0 | D:1      | siradein the Human Transmuter began the quest for the Orb.
     0 | D:1      | Reached XP level 1. HP: 15/15 MP: 3/3
   120 | D:1      | Reached XP level 2. HP: 9/21 MP: 5/5
   910 | D:1      | Reached XP level 3. HP: 26/26 MP: 3/6
   954 | D:1      | Learned a level 3 spell: Spider Form
  1049 | D:1      | Reached skill level 3 in Dodging
  1957 | D:2      | Reached XP level 4. HP: 20/32 MP: 7/7
  2497 | D:2      | Found a white marble altar of Elyvilon.
  3081 | D:3      | Noticed Sigmund
  3535 | D:3      | Reached skill level 4 in Dodging
  3545 | D:3      | Reached XP level 5. HP: 31/37 MP: 8/8
  3720 | D:3      | Killed from afar by an orc wizard

Illustrated notes

Levels and vault maps discovered:
D:1:      nicolae_arrival_somewhat_less_tricky_arrival, layout_basic
D:2:      layout_loops_cross, elyvilon_altar_4
D:3:      layout_loops_ring, gammafunk_temple_overflow_arena, uniq_ijyb,
          uniq_sigmund

Skill      XL: |  1  2  3  4 |
---------------+-------------+-----
Dodging        | 3 4 |  4.1
Transmutations | 3 |  3.2
Fighting       | |  1.0
Unarmed Combat | |  3.0
Spellcasting   | |  2.0

Action                   |  1- 3 |  4- 6 || total
-------------------------+-------+-------++-------
Melee: Unarmed           |    92 |   118 ||   210
       Headbutt          |    12 |     8 ||    20
       Kick              |    20 |    18 ||    38
       Punch             |       |     2 ||     2
 Cast: Beastly Appendage |    28 |    18 ||    46
 Stab: Sleeping          |     1 |     1 ||     2
Armor: Robe              |    11 |    17 ||    28
Dodge: Dodged            |    57 |    85 ||   142

Table legend: (Time is in decaauts)
 A = Elapsed time spent in this place.
 B = Non-inter-level travel time spent in this place.
 C = Inter-level travel time spent in this place.
 D = Time resting spent in this place.
 E = Time spent auto-exploring this place.
 F = Levels seen in this place.
 G = Mean time per level.
                   A        B        C        D        E       F      G
               +--------+--------+--------+--------+--------+-----+--------+
         Total |   3711 |   3607 |    104 |    526 |   2506 |   3 | 1237.0 |
       Dungeon |   3711 |   3607 |    104 |    526 |   2506 |   3 | 1237.0 |
               +--------+--------+--------+--------+--------+-----+--------+

Top non-repeatable levels by time:
     D:1: 1729 daAuts
     D:2: 1678 daAuts
     D:3: 303 daAuts
